 Dungeon Crawl Stone Soup version 0.29.1-13-g9f3cf754e1 (webtiles) character file.

Game seed: 8145935876239905806

131 kingofthe the Trooper (level 4, -5/41 HPs)
             Began as a Minotaur Fighter on Jan 22, 2023.
             Slain by an ice beast (12 damage)
             ... on level 3 of the Dungeon.
             The game lasted 00:04:25 (2829 turns).

kingofthe the Trooper (Minotaur Fighter)            Turns: 2829, Time: 00:04:26

Health: -5/41      AC:  8    Str: 20    XL:     4   Next: 91%
Magic:  3/3        EV:  9    Int:  5    God:
Gold:   52         SH:  5    Dex: 12    Spells: 3/3 levels left

rFire   . . .      SeeInvis .   a - +0 trident
rCold   . . .      Faith    .   c - +0 buckler
rNeg    . . .      Spirit   .   b - +0 scale mail
rPois   .          Reflect  .   (helmet restricted)
rElec   .          Harm     .   (no cloak)
rCorr   .          Rampage  .   h - +0 pair of gloves
Will    .....                   (no boots)
Stlth   ..........              (no amulet)
HPRegen 0.13/turn               (no ring)
MPRegen 0.08/turn               (no ring)

@: no status effects
A: horns 2, retaliatory headbutt
a: no special abilities


You were on level 3 of the Dungeon.
You visited 1 branch of the dungeon, and saw 4 of its levels.

You collected 52 gold pieces.

Inventory:

Hand Weapons
 a - a +0 trident (weapon)
Armour
 b - a +0 scale mail (worn)
 c - a +0 buckler (worn)
 h - a +0 pair of gloves (worn)
 n - a +1 animal skin
 o - a +1 helmet
Jewellery
 i - a +4 ring of protection
Scrolls
 f - 2 scrolls of identify {unknown}
 j - 2 scrolls of teleportation {unknown}
 k - a scroll of immolation {unknown}
 m - a scroll of butterflies {unknown}
 q - a scroll of magic mapping {unknown}
 r - 2 scrolls of enchant weapon {unknown}
Potions
 d - 3 potions of might
 e - 2 potions of mutation {unknown}
 g - a potion of haste {unknown}
 l - a potion of attraction {unknown}
 p - a potion of flight {unknown}
 s - 2 potions of berserk rage {unknown}


   Skills:
 + Level 4.6 Fighting
 + Level 3.7 Polearms
 + Level 4.6 Armour
 + Level 4.6 Shields


You had 3 spell levels left.
You didn't know any spells.
Your spell library contained the following spells:

 Spells                   Type           Power      Damage    Failure   Level
 Passage of Golubria      Tloc           0%         N/A       100%        4
 Silence                  Hex/Air        0%         N/A       100%        5
 Lehudib's Crystal Spear  Conj/Erth      0%         10d2      100%        8


Dungeon Overview and Level Annotations

Branches:
Dungeon (4/15)
 Temple: D:4-7

Altars:
Fedhas


Innate Abilities, Weirdness & Mutations

You have a pair of horns on your head.
You reflexively headbutt those who attack you in melee.


Message History

You kill the goblin!
The orc closely misses you.
Things that are here:
a +0 dagger; a goblin corpse
Found a scroll labelled TAULASKEGOT.
The ice beast attacks as you move away! The ice beast barely misses you.
The ice beast barely misses you. You furiously retaliate!
You headbutt the ice beast. You open the door.
The ice beast hits you but does no damage.
The ice beast attacks as you move away!
The ice beast hits you but does no damage.
There is an open door here.
The orc attacks as you move away! The orc hits you with a +0 club.
* * * LOW HITPOINT WARNING * * *
The ice beast attacks as you move away!
The ice beast hits you but does no damage.
The ice beast attacks as you move away!
The ice beast hits you but does no damage.
The ice beast attacks as you move away! The ice beast barely misses you.
You furiously retaliate!
You headbutt the ice beast. The ice beast attacks as you move away!
The ice beast hits you but does no damage.
Things that are here:
a +0 mace; an orc corpse The ice beast attacks as you move away!
The ice beast barely misses you. You furiously retaliate!
You headbutt the ice beast!
There is a stone staircase leading up, spattered with blood here.
You hear the slow rusting of a very distant drain.
You block the ice beast's attack.
You climb upwards.
The orc barely misses you.
A kobold comes into view. It is wielding a +0 short sword.
The orc closely misses you.
There is a stone staircase leading down here.
You hit the orc.
The orc is heavily wounded.
The ice beast hits you.
* * * LOW HITPOINT WARNING * * *
The ice beast freezes you!
You die...

.######.###.#
.........##.#
.###.##.....# #
##.....+
#......#
##o#....#
#o.#o...#
#Y##o...#
#@##o...#
#o##.#.##
##..._..#
#...#.###
#...#..#
####...##.#.#..
................
....K.$.........
#.####..##.#....


You could see an ice beast, an orc priest, 2 orcs and a kobold.

Vanquished Creatures
  An orc priest (D:4)
  Robin (D:2)
  A gnoll (D:1)
  3 adders (D:2)
  A worm (D:3)
  A dart slug (D:1)
  2 orcs
  6 endoplasms
  2 giant cockroaches
  4 hobgoblins (D:1)
  2 quokkas (D:2)
  4 bats
  2 frilled lizards (D:3)
  10 goblins
  3 kobolds
  A rat (D:3)
44 creatures vanquished.

Notes
Turn   | Place    | Note
-------+----------+-------------------------------------------
     0 | D:1      | kingofthe the Minotaur Fighter began the quest for the Orb.
     0 | D:1      | Reached XP level 1. HP: 19/19 MP: 0/0
   545 | D:1      | Reached XP level 2. HP: 16/27 MP: 1/1
   692 | D:1      | Found a faded altar of an unknown god.
   705 | D:1      | You fall into a shaft and drop 1 floor!
  1295 | D:2      | Noticed Robin
  1567 | D:1      | Reached XP level 3. HP: 33/33 MP: 2/2
  1681 | D:2      | Killed Robin
  1799 | D:2      | Reached XP level 4. HP: 40/40 MP: 3/3
  2692 | D:3      | Found a blossoming altar of Fedhas.
  2729 | D:4      | HP: 1/41 [orc priest/+0 dagger (2)]
  2766 | D:4      | Noticed an ice beast
  2829 | D:3      | Slain by an ice beast

Illustrated notes

Levels and vault maps discovered:
D:1:      psy_arrival_radial01, layout_basic, dreamdust_ecumenical_altar_grove,
          serial_glass, glass_columns_a, glass_columns_a, glass_columns_c,
          glass_columns_b, glass_columns_c, glass_columns_a, glass_columns_a,
          glass_columns_a, glass_columns_b, glass_columns_c, glass_columns_a,
          glass_columns_a, glass_columns_a, glass_columns_a,
          due_unseen_surprise, feat_on_display, feat_on_display,
          item_on_display_a, grunt_decor_resistance
D:2:      layout_basic, uniq_robin
D:3:      layout_basic, lemuel_crystal_altar, gammafunk_temple_overflow_elements
D:4:      layout_basic, lemuel_round_altar, cheibrodos_sewer_entry_bend,
          nicolae_shop_overcharged_wands

Skill      XL: |  1  2  3 |
---------------+----------+-----
Armour         | 4 |  4.6
Shields        | 4 |  4.6
Fighting       | 4 |  4.6
Polearms       | 3 |  3.7

Action                   |  1- 3 |  4- 6 || total
-------------------------+-------+-------++-------
Melee: Trident           |    78 |    78 ||   156
       Headbutt          |     9 |     6 ||    15
Armor: Scale mail        |    44 |    49 ||    93
Dodge: Dodged            |    38 |    34 ||    72
Block: Buckler           |    23 |    18 ||    41
